 Dungeon Crawl Stone Soup version 0.26-a0-259-g1effd001a9 (webtiles) character file.

Game seed: 12613755907082492388

127052 tilp the Unseen (level 16, -4/88 HPs)
             Began as a Spriggan Enchanter on July 17, 2020.
             Was the Champion of Dithmenos.
             Shot with a bolt by Vashnia (9 damage)
             ... on level 2 of the Snake Pit.
             The game lasted 01:36:56 (41359 turns).

tilp the Unseen (Spriggan Enchanter)               Turns: 41359, Time: 01:36:56

Health: -4/88      AC:  7    Str:  4    XL:     16   Next: 45%
Magic:  9/31       EV: 28    Int: 32    God:    Dithmenos [******]
Gold:   2433       SH:  7    Dex: 17    Spells: 5/35 levels left

rFire    + + +     SeeInvis +   a - +6 dagger (freeze)
rCold    . . .     Faith    .   z - +0 buckler
rNeg     + + .     Spirit   .   s - +1 troll leather armour of Articulation {rElec rF+++ rN+ Regen+ Stlth-} (curse)
rPois    .         Reflect  .   p - +1 hat {Int+3}
rElec    +         Harm     .   L - +0 cloak
rCorr    .                      (gloves unavailable)
MR       ++...                  (boots unavailable)
Stlth    +++++++++.             Y - amulet of regeneration
HPRegen  1.04/turn              F - ring of positive energy
MPRegen  0.22/turn              C - +6 ring of intelligence

@: liquefying, wreathed by umbra, slowed movement, quick
A: very small, unfitting armour, see invisible, herbivore, speed 3, slow
metabolism 2
a: Shadow Step, Shadow Form, Renounce Religion


You were on level 2 of the Snake Pit.
You worshipped Dithmenos.
Dithmenos was exalted by your worship.
You were not hungry.

You visited 5 branches of the dungeon, and saw 26 of its levels.
You also visited: Ice Cave.

You collected 2511 gold pieces.
You spent 78 gold pieces at shops.

Inventory:

Hand Weapons
 a - a +6 dagger of freezing (weapon)
 b - the +5 war axe of Terror {freeze, *Slow MR+++ Str+5 Int+2}
   (You found it on level 3 of the Lair of Beasts)

   It has been specially enchanted to freeze those struck by it, causing extra
   injury to most foes and up to half again as much damage against particularly
   susceptible opponents.
   It can also slow down cold-blooded creatures.
   It affects your strength (+5).
   It affects your intelligence (+2).
   It affects your resistance to hostile enchantments.
   It may slow you when you take damage.
Missiles
 j - 16 atropa-tipped darts
 o - 74 poisoned darts (quivered)
 y - 13 curare-tipped darts
 O - 2 throwing nets
Armour
 p - a +1 hat of intelligence (worn)
 s - the cursed +1 troll leather armour of Articulation (worn) {rElec rF+++ rN+ Regen+ Stlth-}
   (You found it on level 1 of the Lair of Beasts)

   It renders you almost immune to fire.
   It insulates you from electricity.
   It protects you from negative energy.
   It increases your rate of regeneration.
   It makes you less stealthy.
   It has a curse placed upon it.
 z - a +0 buckler (worn)
 L - a +0 cloak (worn)
Jewellery
 C - a +6 ring of intelligence (right hand)
 F - a ring of positive energy (left hand)
 M - an uncursed ring of protection from cold
 P - an uncursed ring of flight
 Y - an amulet of regeneration (around neck)
Wands
 d - a wand of paralysis (15)
 l - a wand of polymorph (12)
 G - a wand of enslavement (6)
 I - a wand of acid (34)
 N - a wand of disintegration (16)
 R - a wand of clouds (10)
 S - a wand of digging (4)
 T - a wand of flame (27)
Scrolls
 g - a scroll of magic mapping
 k - 4 scrolls of blinking
 m - 5 scrolls of teleportation
 n - a scroll of fear
 v - 3 scrolls of fog
 w - 10 scrolls of amnesia
 B - a scroll of silence
 K - 6 scrolls of remove curse
 V - a scroll of brand weapon
Potions
 e - 6 potions of heal wounds
 f - 7 potions of curing
 h - 3 potions of brilliance
 i - a potion of might {unknown}
 q - 3 potions of cancellation
 t - 2 potions of magic
 u - 2 potions of resistance
 A - 2 potions of ambrosia
 E - a potion of haste {unknown}
 J - a potion of stabbing
 W - 3 potions of mutation
Miscellaneous
 r - a phial of floods
 x - a box of beasts
 D - a phantom mirror
 U - a lightning rod (4/4)
 X - a tin of tremorstones (3/3)
Comestibles
 c - 78 rations


   Skills:
 - Level 12.0 Fighting
 - Level 10.0 Short Blades
 - Level 15.0 Dodging
 - Level 15.0 Stealth
 - Level 4.0 Shields
 - Level 10.0 Spellcasting
 - Level 2.0 Conjurations
 + Level 13.9 Hexes
 - Level 2.0 Translocations
 - Level 8.0 Transmutations
 + Level 7.3 Earth Magic
 - Level 4.0 Invocations
 - Level 12.0 Evocations


You had 5 spell levels left.
You knew the following spells:

 Your Spells              Type           Power        Failure   Level
a - Corona                Hex            #######      1%          1
b - Ensorcelled Hibernat  Hex/Ice        ######       1%          2
c - Confusing Touch       Hex            #######.     1%          3
d - Tukima's Dance        Hex            #######.     1%          3
e - Dazzling Flash        Conj/Hex       ######       1%          3
f - Slow                  Hex            #######.     1%          2
g - Blink                 Tloc           N/A          4%          2
h - Apportation           Tloc           ####..       3%          1
i - Petrify               Tmut/Erth      ######..     3%          4
j - Leda's Liquefaction   Hex/Erth       ######....   1%          4
k - Lee's Rapid Deconstr  Erth           ######....   10%         5

Your spell library contained the following spells:

 Spells                   Type           Power        Failure   Level
 Sandblast                Erth           ######       1%          1
 Passwall                 Tmut/Erth      ######..     1%          2
 Magic Dart               Conj           ####         3%          1
 Stone Arrow              Conj/Erth      #####.       3%          3
 Animate Skeleton         Necr           ###...       7%          1
 Summon Small Mammal      Summ           ###.         7%          1
 Call Imp                 Summ           ###.....     11%         2
 Poisonous Vapours        Pois/Air       ###...       11%         2
 Conjure Flame            Conj/Fire      ###.....     14%         3
 Mephitic Cloud           Conj/Pois/Air  ###.....     16%         3
 Bolt of Magma            Conj/Fire/Erth #####.....   47%         5
 Statue Form              Tmut/Erth      ######...    41%         6
 Iron Shot                Conj/Erth      #####.....   83%         6
 Freezing Cloud           Conj/Ice/Air   ###.......   100%        6
 Ring of Flames           Chrm/Fire      ###.......   100%        7
 Shatter                  Erth           ######....   100%        9


Dungeon Overview and Level Annotations

Branches:
Dungeon (15/15)            Temple (1/1) D:5            Lair (6/6) D:10
  Swamp (0/4) Lair:3        Snake (2/4) Lair:3        Slime (0/5) Lair:6
    Orc (2/2) D:11            Elf (0/3) Orc:2        Vaults (0/5) D:14
 Depths (0/5) D:15          IceCv (visited)

Altars:
Ashenzari
Cheibriados
Dithmenos
Elyvilon
Fedhas
Gozag
Hepliaklqana
Kikubaaqudgha
Makhleb
Nemelex Xobeh
Okawaru
Qazlal
Ru
Sif Muna
Trog
Uskayaw
Vehumet
Wu Jian
Xom
Yredelemnul
Zin
The Shining One

Shops:
D:15 *   Orc:1 (:   Orc:2 :*[(

Portals:
Abyss: D:5

Annotations:
D:5 2 transporters, Restia's ghost, novice FoFi
D:11 3 runed translucent doors, Zebulonius's ghost, journeyman MiBe
Lair:1 exclusion: oklob plant
Lair:6 exclusions: floating eye and 3 oklob plants
Snake:2 Saint Roka; Vashnia


Innate Abilities, Weirdness & Mutations

You are very small and have problems with some larger weapons.
You are too small for most types of armour.
You have supernaturally acute eyesight. (SInv)
You are a herbivore.
You cover ground extremely quickly.
You need to consume almost no food.


Message History

The bolt freezes you.
The naga sharpshooter unwields an uncursed glaive.
The naga sharpshooter wields an uncursed shortbow.
A naga sharpshooter comes into view. It is wielding a +0 shortbow.
The naga sharpshooter gestures wildly while chanting.
The naga sharpshooter magically shoots an arrow.
The arrow hits you!
A naga sharpshooter comes into view. It is wielding a +1 vorpal battleaxe.
The naga sharpshooter shouts!
Found an arrow and a wand of random effects (22).
Found an escape hatch in the floor.
The naga sharpshooter unwields a +1 vorpal battleaxe.
The naga sharpshooter wields a +0 shortbow.
The naga sharpshooter casts a spell.
The naga sharpshooter magically shoots an arrow.
The arrow hits you!
You emit a cloud of dark smoke.
Vashnia shoots a bolt.
The bolt hits you!!!
* * * LOW HITPOINT WARNING * * *
You emit a cloud of dark smoke.
The bolt freezes you!
You die...

.....§..§S......#
.....§§§§§...#..#
.>.##§§§o......# ..
##o§.§...... ## .
§§§...#..# .####
......$#.#.##....##
#.§.................
.......#.......§§§......
[..........#..§§@§../#....#
.#...#...###..#§§§§...#...#
.........### ...§....##....
......§.....NN..........S..
....§§... #N#.........#...#
# ....§.§# ..
#.............# .##
##.N§§§# .
......#......i##..##
#...§§##
.#...........#<.....#
..#.#§§..# ......#†S#(#.#


You could see Vashnia (struggling) and 2 naga sharpshooters.

Vanquished Creatures
  Kirke (D:15)
  Agnes (Snake:2)
  Roxanne (D:15)
  A fire giant (D:15)
  An orc warlord (Orc:2)
  Aizul (Snake:1)
  An ironheart preserver (D:14)
  5 dire elephants (Lair:6)
  The ghost of Thantalas the Carver, a journeyman GnWn of Cheibriados (Lair:1)
  Snorg (Orc:2)
  Fannar (D:11)
  Erolcha (D:10)
  2 naga warriors (Snake:1)
  4 hydras
  The ghost of Pejisic the Cleaver, a novice DDFi of Makhleb (Lair:1)
  7 anacondas
  The ghost of Ziuclaem the Covert, a journeyman OpBr of Fedhas (Lair:1)
  5 two-headed ogres
  2 centaur warriors
  10 death yaks
  Urug (D:12)
  A tengu warrior (D:14)
  5 orc high priests
  7 shock serpents (Snake:1)
  3 skeletal warriors
  An unseen horror (D:11)
  Pikel (D:9)
  A glowing orange brain (shapeshifter) (D:14)
  3 naga ritualists (Snake:1)
  8 orc knights
  2 mana vipers (Snake:1)
  5 salamanders
  A deep elf mage (D:15)
  8 orc sorcerers
  5 ugly things
  A manticore (D:13)
  A cyclops (Orc:1)
  Maurice (D:9)
  14 elephants
  5 naga magi
  An ice statue (IceCv)
  23 black mambas
  A gargoyle (D:14)
  A guardian serpent (Snake:1)
  15 cane toads
  4 centaur skeletons
  4 komodo dragons
  An efreet (D:15)
  4 rime drakes
  4 kobold demonologists
  3 meliai (D:15)
  8 trolls
  17 polar bears
  A hornet (D:12)
  4 slime creatures (D:12)
  Prince Ribbit (D:9)
  16 blink frogs
  10 hippogriffs
  A shadow (D:11)
  5 wyverns
  3 humans
  A wraith (D:15)
  2 hogs (D:15)
  6 vampire mosquitoes (D:12)
  40 yaks
  Grum (D:9)
  6 wargs
  17 nagas
  9 water moccasins
  2 acid dragons
  A floating eye (Lair:6)
  5 porcupines
  2 black bears
  A hornet zombie (D:14)
  42 orc warriors
  3 phantoms
  5 sky beasts
  A necrophage (D:11)
  22 wolves
  15 ogres
  12 centaurs
  10 crocodiles
  17 big kobolds
  18 bullfrogs
  6 scorpions
  11 killer bees
  5 wights (D:10)
  5 howler monkeys
  3 electric eels
  3 bullfrog zombies
  2 centaur zombies
  3 hounds
  34 orc priests
  4 bullfrog skeletons
  A gnoll shaman (D:5)
  4 iguanas
  9 jellies
  Jessica (D:2)
  26 orc wizards
  13 worker ants
  2 hound zombies
  3 hound skeletons
  9 gnolls
  3 worker ant zombies
  10 adders
  4 shadow imps
  2 white imps
  4 oozes
  2 worms (D:2)
  An adder skeleton (D:8)
  2 adder zombies
  A dart slug (D:1)
  6 leopard geckos
  112 orcs
  A ball python (D:2)
  5 giant cockroaches
  5 goblins
  8 hobgoblins
  8 jackals
  11 quokkas
  6 bats
  7 frilled lizards
  25 kobolds
  A leopard gecko zombie (D:5)
  3 rats
  A fungus (Lair:6)
  5 plants
864 creatures vanquished.

Vanquished Creatures (collateral kills)
  Rupert (D:14)
  A frost giant (IceCv)
  2 skeletal warriors
  3 orc priests (Orc:2)
  An orc wizard (Orc:2)
  6 orcs
14 creatures vanquished.

Vanquished Creatures (others)
  4 dancing weapons
  2 orcs (Orc:2)
  A kobold (Orc:1)
  A bush (Lair:5)
  16 fungi
  24 plants
48 creatures vanquished.

Grand Total: 926 creatures vanquished

Notes
Turn   | Place    | Note
-------+----------+-------------------------------------------
     0 | D:1      | tilp the Spriggan Enchanter began the quest for the Orb.
     0 | D:1      | Reached XP level 1. HP: 9/9 MP: 5/5
   353 | D:1      | Found a snail-covered altar of Cheibriados.
   373 | D:1      | You fall into a shaft and drop 1 floor!
   555 | D:2      | Reached XP level 2. HP: 13/13 MP: 6/6
   559 | D:2      | Learned a level 2 spell: Ensorcelled Hibernation
  1350 | D:1      | Reached skill level 5 in Stealth
  1399 | D:1      | Reached XP level 3. HP: 16/16 MP: 8/8
  1404 | D:1      | Learned a level 3 spell: Confusing Touch
  2382 | D:2      | Noticed Jessica
  2661 | D:2      | Killed Jessica
  2661 | D:2      | Reached XP level 4. HP: 21/21 MP: 4/10
  3209 | D:3      | Found a transporter.
  3400 | D:3      | Found a transporter.
  3624 | D:3      | Found a bloodstained altar of Trog.
  3750 | D:4      | Noticed an ogre
  3756 | D:4      | Killed an ogre
  3756 | D:4      | Reached XP level 5. HP: 25/25 MP: 10/12
  4266 | D:4      | Reached skill level 1 in Fighting
  4266 | D:4      | Reached skill level 5 in Hexes
  4266 | D:4      | Reached XP level 6. HP: 30/30 MP: 13/13
  4401 | D:4      | Reached skill level 1 in Shields
  4575 | D:4      | Learned a level 3 spell: Tukima's Dance
  4579 | D:4      | Learned a level 3 spell: Dazzling Flash
  4727 | D:5      | Entered Level 5 of the Dungeon
  4788 | D:5      | Found a staircase to the Ecumenical Temple.
  4809 | Temple   | Entered the Ecumenical Temple
  4918 | Temple   | Became a worshipper of Dithmenos the Shadowed
  5894 | D:5      | Reached XP level 7. HP: 33/33 MP: 7/14
  6705 | D:5      | Reached * piety under Dithmenos
  6743 | D:5      | Found a transporter.
  6900 | D:5      | Found a one-way gate to the infinite horrors of the Abyss.
  6900 | D:5      | Noticed Restia's ghost (novice FoFi)
  6909 | D:5      | Identified the +10 whip of Ixinlizo {distort, rElec}
  6923 | D:5      | Found a transporter.
  7417 | D:6      | Reached skill level 5 in Dodging
  7417 | D:6      | Reached XP level 8. HP: 36/39 MP: 3/15
  8647 | D:7      | Reached ** piety under Dithmenos
  8656 | D:7      | Reached skill level 5 in Short Blades
  9057 | D:7      | Reached XP level 9. HP: 44/44 MP: 16/16
  9238 | D:7      | Found a shimmering altar of Xom.
  9701 | D:7      | Reached skill level 10 in Stealth
 10484 | D:8      | Reached *** piety under Dithmenos
 10801 | D:8      | Found an ancient bone altar of Kikubaaqudgha.
 10871 | D:8      | Learned a level 2 spell: Slow
 10874 | D:8      | Learned a level 2 spell: Blink
 11068 | D:9      | Noticed Maurice
 11074 | D:9      | Killed Maurice
 11074 | D:9      | Reached skill level 1 in Translocations
 11075 | D:9      | Reached skill level 1 in Evocations
 11116 | D:9      | Noticed Grum
 11123 | D:9      | Killed Grum
 11123 | D:9      | Reached XP level 10. HP: 49/49 MP: 17/17
 11245 | D:9      | Noticed a two-headed ogre
 11252 | D:9      | Killed a two-headed ogre
 11252 | D:9      | Reached skill level 5 in Spellcasting
 11401 | D:9      | Noticed Prince Ribbit
 11412 | D:9      | Killed Prince Ribbit
 11818 | D:9      | Noticed Pikel
 11823 | D:9      | Killed Pikel
 12239 | D:10     | Entered Level 10 of the Dungeon
 12482 | D:10     | Reached **** piety under Dithmenos
 12482 | D:10     | Reached skill level 1 in Invocations
 12502 | D:10     | Reached skill level 1 in Conjurations
 12620 | D:10     | Noticed Erolcha
 12625 | D:10     | Killed Erolcha
 12625 | D:10     | Reached skill level 5 in Evocations
 12765 | D:10     | Reached XP level 11. HP: 49/52 MP: 10/21
 13062 | D:10     | Found a staircase to the Lair.
 13477 | D:11     | Noticed a four-headed hydra
 13661 | D:11     | Noticed a skeletal warrior
 14945 | Lair:1   | Entered Level 1 of the Lair of Beasts
 15040 | Lair:1   | Found a runed translucent gate.
 15040 | Lair:1   | Found a runed translucent gate.
 15041 | Lair:1   | Found a runed translucent gate.
 15042 | Lair:1   | Noticed Pejisic's ghost (novice DDFi)
 15042 | Lair:1   | Noticed Ziuclaem's ghost (journeyman OpBr)
 15043 | Lair:1   | Noticed Thantalas's ghost (journeyman GnWn)
 15543 | Lair:1   | Noticed an oklob plant
 16032 | Lair:2   | Reached ***** piety under Dithmenos
 16528 | Lair:2   | Noticed an eight-headed hydra
 16532 | Lair:2   | Killed an eight-headed hydra
 16532 | Lair:2   | Reached skill level 10 in Dodging
 16721 | Lair:2   | Identified a scroll of acquirement
 16721 | Lair:2   | Acquired a +0 hat of intelligence
 16898 | Lair:3   | Reached XP level 12. HP: 58/58 MP: 17/22
 17242 | Lair:3   | Found a staircase to the Snake Pit.
 17499 | Lair:3   | Learned a level 1 spell: Apportation
 17695 | Lair:3   | Found a staircase to the Swamp.
 17738 | Lair:3   | Reached skill level 5 in Fighting
 17741 | Lair:3   | Got a masterwork war axe
 18366 | Lair:4   | Reached skill level 10 in Hexes
 18458 | Lair:4   | Reached skill level 10 in Short Blades
 19500 | Lair:5   | Reached skill level 15 in Stealth
 19729 | Lair:5   | Noticed a four-headed hydra
 19730 | Lair:5   | Killed a four-headed hydra
 19823 | Lair:5   | Noticed a death yak
 19824 | Lair:5   | Noticed a death yak
 19833 | Lair:5   | Noticed a death yak
 19836 | Lair:5   | Noticed a death yak
 19844 | Lair:5   | Killed a death yak
 19849 | Lair:5   | Noticed a death yak
 19853 | Lair:5   | Noticed a death yak
 20154 | Lair:5   | Reached XP level 13. HP: 65/65 MP: 23/23
 22497 | Lair:6   | Entered Level 6 of the Lair of Beasts
 22569 | Lair:6   | Reached skill level 15 in Dodging
 22668 | Lair:6   | Learned a level 4 spell: Petrify
 22818 | Lair:6   | Found a staircase to the Slime Pits.
 24705 | Lair:6   | Identified the +5 war axe of Terror {freeze, *Slow MR+++
                  | Str+5 Int+2} (You found it on level 3 of the Lair of
                  | Beasts)
 24839 | Lair:6   | Reached skill level 10 in Evocations
 25053 | Lair:6   | Noticed a dire elephant
 25053 | Lair:6   | Noticed a dire elephant
 25067 | Lair:6   | Noticed a dire elephant
 25072 | Lair:6   | Noticed a dire elephant
 25077 | Lair:6   | Killed a dire elephant
 25089 | Lair:6   | Killed a dire elephant
 25089 | Lair:6   | Reached XP level 14. HP: 39/72 MP: 21/27
 26956 | D:11     | Acquired a book of the Earth
 27018 | D:11     | Noticed Fannar
 27020 | D:11     | Killed Fannar
 27064 | D:11     | Found a runed translucent gate.
 27064 | D:11     | Found a runed translucent gate.
 27065 | D:11     | Found a runed translucent gate.
 27065 | D:11     | Noticed Zebulonius's ghost (journeyman MiBe)
 27411 | D:11     | Found a staircase to the Orcish Mines.
 27946 | D:12     | Found a shattered altar of Ashenzari.
 28068 | D:12     | Noticed Urug
 28071 | D:12     | Killed Urug
 29155 | D:12     | Reached skill level 10 in Fighting
 29344 | Orc:1    | Entered Level 1 of the Orcish Mines
 29487 | D:11     | Reached skill level 1 in Transmutations
 29487 | D:11     | Reached skill level 1 in Earth Magic
 29738 | Orc:1    | Reached ****** piety under Dithmenos
 30034 | Orc:1    | Found Jahade Luih's Weapon Boutique.
 30380 | Orc:1    | Found Qymokh's Book Shoppe.
 30662 | Orc:1    | Learned a level 4 spell: Leda's Liquefaction
 31165 | Orc:2    | Entered Level 2 of the Orcish Mines
 31217 | Orc:2    | Found a frozen archway.
 31243 | IceCv    | Entered an ice cave
 31839 | IceCv    | Noticed a frost giant
 31860 | IceCv    | Killed a frost giant
 32098 | IceCv    | Found the +8 frozen axe "Frostbite" {freezing cloud, *Noise
                  | +Fly rC+}
 32119 | IceCv    | Reached XP level 15. HP: 82/82 MP: 23/28
 32661 | Orc:2    | Found a staircase to the Elven Halls.
 32685 | Orc:2    | Noticed Snorg
 32821 | Orc:2    | Killed Snorg
 33662 | Orc:2    | Learned a level 5 spell: Lee's Rapid Deconstruction
 34011 | Orc:2    | Noticed an orc warlord
 34055 | Orc:2    | Killed an orc warlord
 35100 | Orc:2    | Found Xoxzyh's General Store.
 35101 | Orc:2    | Found Uggeag's Book Boutique.
 35150 | Orc:2    | Found Laolaig's Antique Armour Shop.
 35150 | Orc:2    | Found Gaat's Antique Weapon Shop.
 35156 | Orc:2    | Bought a scroll of identify for 36 gold pieces
 36361 | Lair:1   | Killed Thantalas's ghost
 36373 | Lair:1   | Killed Pejisic's ghost
 36400 | Lair:1   | Killed Ziuclaem's ghost
 36409 | Lair:1   | Identified the cursed +1 troll leather armour of
                  | Articulation {rElec rF+++ rN+ Regen+ Stlth-} (You found it
                  | on level 1 of the Lair of Beasts)
 36745 | D:14     | Reached skill level 5 in Transmutations
 37024 | D:14     | Noticed Rupert
 37387 | D:14     | Killed Rupert
 37577 | D:14     | Found a gate to the Vaults.
 37893 | D:15     | Entered Level 15 of the Dungeon
 37917 | D:15     | Reached skill level 5 in Earth Magic
 37920 | D:15     | Found a staircase to the Depths.
 37920 | D:15     | Noticed a fire giant
 37926 | D:15     | Killed a fire giant
 38504 | D:15     | Found a glowing silver altar of Zin.
 38507 | D:15     | Identified Roxanne's Handbook of Earth
 38507 | D:15     | Noticed Roxanne
 38693 | D:15     | Noticed Kirke
 38720 | D:15     | Killed Kirke
 38732 | D:15     | Found Hocuvoick's Changing Room.
 38745 | D:15     | Bought a potion of lignification for 42 gold pieces
 39047 | D:15     | Killed Roxanne
 39219 | Snake:1  | Entered Level 1 of the Snake Pit
 39224 | Snake:1  | Noticed Aizul
 39228 | Snake:1  | Killed Aizul
 39550 | Snake:1  | Reached XP level 16. HP: 68/88 MP: 23/30
 40154 | Snake:1  | Reached skill level 10 in Spellcasting
 40925 | Snake:2  | Noticed Agnes
 41199 | Snake:2  | Noticed Saint Roka
 41349 | Snake:2  | Killed Agnes
 41359 | Snake:2  | Noticed Vashnia
 41359 | Snake:2  | Shot with a bolt by Vashnia

Illustrated notes

Levels and vault maps discovered:
D:1:      dpeg_arrival_line_fractal, layout_basic, cheibriados_altar_1
D:2:      layout_rooms, uniq_jessica
D:3:      gammafunk_steamed_eel, layout_loops_ring, lightli_temple_of_fire
D:4:      layout_basic, nrook_mini_vaults
D:5:      layout_loops_ring, minmay_temple_entry_mist,
          gammafunk_ghost_abyssal_escape, first_ration
D:6:      layout_basic
D:7:      layout_cave_pods, basic_altar
D:8:      layout_basic, basic_altar
D:9:      layout_loops_cross, grunt_pizzeria, kennysheep_generic_room_15,
          uniq_maurice, uniq_prince_ribbit1, uniq_pikel, uniq_grum
D:10:     layout_irregular_city, dpeg_oklobed_lair, nicolae_water_bricks,
          uniq_erolcha
D:11:     layout_layer_cave, orc_0_dummy, gammafunk_ghost_hydra_chop,
          uniq_fannar
D:12:     layout_gridville, kennysheep_donut, lemuel_tele_altar, uniq_urug
D:13:     layout_basic, kennysheep_another_room
D:14:     layout_loops_ring, skrybe_vaults_entry_preservation,
          minmay_misc_feat_secret_circle, uniq_rupert
D:15:     grunt_enter_depths_giant_problem, layout_irregular_city,
          minmay_misc_feat_nine_boxes, basic_altar, nicolae_transmutations_shop,
          uniq_roxanne, uniq_kirke
Temple:   grunt_wide_crystal_templ
Lair:1:   layout_roguey, gammafunk_ghost_cemetery, infiniplex_staircase_pool_2,
          serial_bayou_shore_a, minmay_lair_oklob_chamber
Lair:2:   layout_chaotic_city, serial_bayou_pond_a
Lair:3:   layout_gridlike, swamp_mist, minmay_snake_entry_guardpost_medium
Lair:4:   layout_loops_ring, serial_bayou, serial_bayou_pond_b,
          serial_bayou_pond_b, serial_bayou_crossing, serial_bayou_pond_e,
          serial_bayou_pond_a, lemuel_fruit_tree
Lair:5:   layout_regular_city, chequers_serial_rivers_room_b
Lair:6:   due_jungle_book, layout_cave_pods, nicolae_slime_entry_slimehenge,
          chequers_serial_rivers_large_a, disabler_island
Snake:1:  layout_onion, uniq_aizul
Snake:2:  layout_onion_interference, uniq_vashnia, uniq_saint_roka, uniq_agnes
Orc:1:    layout_caves, serial_shops, nicolae_shop_statue_plus, special_room
          [special_room_kobold], guppyfry_orc_lava_fort
Orc:2:    st_orc_congregation, layout_diamond_mine,
          portal_ice_cave_entry_pillars_2, uniq_snorg

Skill      XL: |  1  2  3  4  5  6  7  8  9 10 11 12 13 14 15 16 |
---------------+-------------------------------------------------+-----
Spellcasting   | 3 4 6 8 9 10 | 10.0
Hexes          | 4 5 6 8 9 10 11 12 13 | 13.9
Stealth        | 5 6 7 8 12 13 15 | 15.0
Short Blades   | 2 3 4 5 8 9 10 | 10.0
Fighting       | 1 2 3 4 6 7 11 12 | 12.0
Shields        | 1 2 4 |  4.0
Dodging        | 4 5 8 10 13 15 | 15.0
Translocations | 1 2 |  2.0
Evocations     | 1 5 7 8 10 11 12 | 12.0
Invocations    | 2 4 |  4.0
Conjurations   | 1 2 |  2.0
Transmutations | 4 7 8 |  8.0
Earth Magic    | 4 5 7 |  7.3

Action                   |  1- 3 |  4- 6 |  7- 9 | 10-12 | 13-15 | 16-18 || total
-------------------------+-------+-------+-------+-------+-------+-------++-------
Melee: Dagger            |   105 |   153 |   263 |   435 |  1428 |   131 ||  2515
       Long sword        |       |       |       |    14 |    14 |       ||    28
       War axe           |       |       |       |       |    26 |       ||    26
Throw: Dart              |       |       |     1 |     1 |    11 |       ||    13
 Cast: Corona            |     8 |       |     1 |    22 |    39 |     1 ||    71
       Ensorcelled Hiber |    21 |    52 |    85 |   176 |   300 |    85 ||   719
       Confusing Touch   |       |    11 |    17 |    22 |   129 |     8 ||   187
       Apportation       |       |       |       |       |     6 |       ||     6
       Tukima's Dance    |       |       |       |       |    28 |     7 ||    35
       Dazzling Flash    |       |       |       |       |     8 |       ||     8
       Slow              |       |       |       |       |     2 |       ||     2
       Leda's Liquefacti |       |       |       |       |     4 |     2 ||     6
       Petrify           |       |       |       |       |       |     3 ||     3
       Blink             |       |       |       |       |       |     2 ||     2
Invok: Shadow Step       |       |       |       |     2 |     8 |       ||    10
Evoke: Wand              |       |       |       |       |    42 |     1 ||    43
       Lightning rod     |       |       |       |       |     4 |       ||     4
  Use: Scroll            |     3 |     3 |     5 |    12 |    14 |     3 ||    40
       Potion            |       |       |       |       |     2 |     2 ||     4
 Stab: Sleeping          |    22 |    32 |    77 |   139 |   212 |    39 ||   521
       Distracted        |     1 |       |       |       |     7 |       ||     8
       Confused          |       |     7 |    14 |    23 |   133 |     9 ||   186
       Invisible         |       |       |       |       |    16 |       ||    16
       Petrifying        |       |       |       |       |       |     1 ||     1
       Petrified         |       |       |       |       |       |     1 ||     1
  Eat: Ration            |       |     1 |     2 |     4 |     8 |     1 ||    16
Armor: Robe              |     7 |    17 |     6 |    10 |    30 |       ||    70
       Troll leather arm |       |       |       |       |    10 |     7 ||    17
Dodge: Dodged            |    68 |    80 |   105 |   213 |   815 |    89 ||  1370
Block: Buckler           |       |    24 |    49 |    93 |   275 |    45 ||   486

Table legend:
 A = Non-vault XP
 B = Vault XP
 C = Vault XP percentage of total XP
 D = Non-vault monster count
 E = Vault monster count
 F = Vault count percentage of total count
                 A         B        C        D         E       F
            +---------+---------+-------+---------+---------+-------
      Total |  123969 |   57534 |  31.7 |     668 |     202 |  23.2
            +---------+---------+-------+---------+---------+-------
        D:1 |      35 |       0 |   0.0 |      21 |       0 |   0.0
        D:2 |      61 |      37 |  37.8 |      23 |       1 |   4.2
        D:3 |      17 |       0 |   0.0 |       9 |       0 |   0.0
        D:4 |     366 |       0 |   0.0 |      14 |       0 |   0.0
        D:5 |     813 |       0 |   0.0 |      36 |       0 |   0.0
        D:6 |     787 |       0 |   0.0 |      23 |       0 |   0.0
        D:7 |    1756 |       0 |   0.0 |      34 |       0 |   0.0
        D:8 |     975 |       0 |   0.0 |      23 |       0 |   0.0
        D:9 |    1587 |    2220 |  58.3 |      25 |       8 |  24.2
       D:10 |    4344 |     999 |  18.7 |      44 |       1 |   2.2
       D:11 |    8200 |    1578 |  16.1 |      55 |       2 |   3.5
       D:12 |    4683 |     855 |  15.4 |      31 |       1 |   3.1
       D:13 |    2614 |       0 |   0.0 |      25 |       0 |   0.0
       D:14 |    1979 |    7236 |  78.5 |       6 |      10 |  62.5
       D:15 |    6452 |    6389 |  49.8 |      22 |       5 |  18.5
     Lair:1 |    4418 |    2864 |  39.3 |      21 |       3 |  12.5
     Lair:2 |    4832 |       0 |   0.0 |      20 |       0 |   0.0
     Lair:3 |    2747 |     953 |  25.8 |      12 |       6 |  33.3
     Lair:4 |    7590 |     953 |  11.2 |      29 |       5 |  14.7
     Lair:5 |    8783 |       0 |   0.0 |      19 |       0 |   0.0
     Lair:6 |   22129 |    3121 |  12.4 |      52 |      11 |  17.5
    Snake:1 |   25266 |    1835 |   6.8 |      49 |       5 |   9.3
    Snake:2 |    5634 |    2104 |  27.2 |      10 |       1 |   9.1
      Orc:1 |    3675 |    6362 |  63.4 |      37 |      41 |  52.6
      Orc:2 |    4226 |   11190 |  72.6 |      28 |      66 |  70.2
      IceCv |       0 |    8838 | 100.0 |       0 |      36 | 100.0
            +---------+---------+-------+---------+---------+-------
